 Dungeon Crawl Stone Soup version 0.28-a0-893-g5e322aebe8 (webtiles) character file.

Game seed: 1250148277716692400

3006 BinkBink the Ruffian (level 9, 0/83 HPs)
             Began as a Troll Monk on Nov 22, 2021.
             Was the Champion of Ignis.
             Killed from afar by Dowan (17 damage)
             ... with a shard of ice
             ... on level 7 of the Dungeon.
             The game lasted 00:19:43 (6578 turns).

BinkBink the Ruffian (Troll Monk)                   Turns: 6578, Time: 00:19:44

Health: 0/83       AC:  6    Str: 21    XL:     9   Next: 54%
Magic:  13/13      EV: 10    Int: 13    God:    Ignis [******]
Gold:   330        SH:  0    Dex: 12    Spells: 13/14 levels left

rFire   + + .      SeeInvis .     - Unarmed
rCold   . . .      Faith    .   (no shield)
rNeg    . . .      Spirit   .   j - +2 robe {rF+}
rPois   .          Reflect  .   (helmet restricted)
rElec   .          Harm     .   (no cloak)
rCorr   .          Rampage  .   (gloves unavailable)
Will    .....      Rage     1%  (boots unavailable)
Stlth   ++........              (no amulet)
HPRegen 1.23/turn               t - +6 ring of intelligence
MPRegen 0.13/turn               (no ring)

@: no status effects
A: large, unfitting armour, claws 3, regeneration 1, shaggy fur 1, tough skin 1,
berserk 1, dopey 1, MP-powered wands
a: Renounce Religion, Sea of Fire, Foxfire Swarm, Rising Flame


You were on level 7 of the Dungeon.
You worshipped Ignis.
Ignis was exalted by your worship.
You visited 1 branch of the dungeon, and saw 7 of its levels.
You visited the Abyss 1 time.

You collected 348 gold pieces.
You spent 18 gold pieces at shops.

Inventory:

Armour
 a - a +1 robe
 f - +0 steam dragon scales
 j - a +2 robe of fire resistance (worn)
Magical Staves
 x - a staff of air
Jewellery
 t - a +6 ring of intelligence (left claw)
Wands
 y - a wand of iceblast (4)
Scrolls
 c - a scroll of identify
 d - 2 scrolls of magic mapping
 g - 2 scrolls of teleportation
 h - 3 scrolls of amnesia
 m - 2 scrolls of noise
 q - 2 scrolls of blinking
Potions
 b - 3 potions of curing
 e - a potion of flight
 i - 3 potions of attraction
 k - a potion of heal wounds
 l - a potion of brilliance


   Skills:
 + Level 3.3 Fighting
 * Level 4.0 Armour
 + Level 3.7 Dodging
 + Level 1.8 Stealth
 + Level 6.1 Unarmed Combat
 * Level 3.4 Spellcasting
 * Level 4.0 Conjurations
 * Level 4.0 Fire Magic
 + Level 0.5 Evocations


You had 13 spell levels left.
You knew the following spells:

 Your Spells              Type           Power      Damage    Failure   Level
a - Foxfire               Conj/Fire      48%        2x1d6     4%          1

Your spell library contained the following spells:

 Spells                   Type           Power      Damage    Failure   Level
 Scorch                   Fire           24%        2d6       6%          2
 Conjure Flame            Conj/Fire      12%        6-21      13%         3
 Animate Skeleton         Necr           4%         N/A       22%         1
 Pain                     Necr           8%         1d4       22%         1
 Sting                    Tmut/Pois      8%         1d3       22%         1
 Inner Flame              Hex/Fire       7%         N/A       28%         3
 Poisonous Vapours        Pois/Air       4%         N/A       32%         2
 Sublimation of Blood     Necr           2%         N/A       32%         2
 Flame Wave               Conj/Fire      12%        3d4       38%         4
 Vampiric Draining        Necr           2%         2d6       54%         3
 Olgreb's Toxic Radiance  Pois           2%         N/A       91%         4
 Petrify                  Tmut/Erth      2%         N/A       91%         4
 Irradiate                Conj/Tmut      3%         3d14      95%         5
 Summon Cactus Giant      Summ           1%         N/A       100%        6


Dungeon Overview and Level Annotations

Branches:
Dungeon (7/15)             Temple (0/1) D:6

Altars:
Ashenzari
Fedhas
Gozag
Qazlal
Ru
Yredelemnul
Ignis

Shops:
D:6 *

Annotations:
D:5 1 runed translucent door
D:7 Dowan


Innate Abilities, Weirdness & Mutations

You are too large for most types of armour.
You have claws for hands.
Your natural rate of healing is unusually fast.
You are covered in fur. (AC +1)
You have tough skin. (AC +1)
You tend to lose your temper in combat.
You are dopey. (Int -2)
You expend magic power (3 MP) to strengthen your wands.


Message History

The shard of ice hits you!
Dowan hits you with a +2 dagger of distortion.
Space warps horribly around you!
You closely miss Dowan.
Dowan is heavily wounded.
Dowan mumbles some strange words.
Dowan blinks!
Dowan hits you but does no damage. Space warps around you.
Dowan hits you with a +2 dagger of distortion.
Space warps horribly around you!
You are too injured to fight recklessly!
You are too injured to fight recklessly!
You are too injured to fight recklessly!
You claw Dowan!
Dowan is almost dead.
Dowan hits you with a +2 dagger of distortion.
Space warps around you.
You closely miss Dowan.
Dowan is almost dead.
Dowan hits you but does no damage.
Dowan hits you with a +2 dagger of distortion.
* * * LOW HITPOINT WARNING * * *
Space warps around you.
* * * LOW HITPOINT WARNING * * *
You barely miss Dowan.
Dowan is almost dead.
Dowan barely misses you.
You closely miss Dowan.
Dowan is almost dead.
Dowan hits you with a +2 dagger of distortion.
* * * LOW HITPOINT WARNING * * *
You blink.
Dowan points at you and mumbles some strange words.
The shard of ice hits you but does no damage.
Dowan casts a spell at you. The shard of ice hits you.
* * * LOW HITPOINT WARNING * * *
Dowan casts a spell at you. The shard of ice hits you!
You die...

#..##..########.###..#######
#..##..########## ####
†..............
...............
.############## .##
.######+### ## ..#
..........# . ..#
..........# .
#############.##@##.#
###..##..####.##.##.###.
#........#..............
#........+....e.........
#........#..............
#.....x..#..........##>.
#....##e.###..##....# .
###..##..# #####'####
###..##..§. #..


You could see Dowan (fast).

Vanquished Creatures
  The ghost of crabbyslav the Cleaver, a novice HOMo of Makhleb (D:5)
  5 yaks (D:7)
  2 steam dragons (D:7)
  A water moccasin (D:6)
  Duvessa (D:7)
  A sky beast (D:6)
  A black bear (D:4)
  5 ogres
  A phantom (D:5)
  A bullfrog (D:5)
  A scorpion (D:5)
  A water moccasin skeleton (D:4)
  A crimson imp (D:5)
  2 hounds
  A jelly (D:7)
  A centaur skeleton (D:4)
  A gnoll shaman (D:6)
  Jessica (D:2)
  2 orc wizards
  A killer bee zombie (D:6)
  A howler monkey zombie (D:5)
  7 gnolls
  A river rat (D:5)
  8 adders
  3 shadow imps
  2 white imps (D:5)
  2 dart slugs (D:4)
  7 orcs
  6 bats
  4 endoplasms
  4 giant cockroaches
  6 goblins
  9 hobgoblins
  2 jackals (D:5)
  3 kobolds
  5 quokkas
  7 ball pythons
  3 frilled lizards
  6 rats
  A spectral orc (D:5)
118 creatures vanquished.

Vanquished Creatures (others)
  A gnoll (D:6)
  271 foxfires
272 creatures vanquished.

Grand Total: 390 creatures vanquished

Notes
Turn   | Place    | Note
-------+----------+-------------------------------------------
     0 | D:1      | BinkBink the Troll Monk began the quest for the Orb.
     0 | D:1      | Reached XP level 1. HP: 22/22 MP: 0/0
    35 | D:1      | Found a faded altar of an unknown god.
    44 | D:1      | Reached XP level 2. HP: 7/29 MP: 1/1
   160 | D:1      | Prayed at the altar of an unknown god.
   160 | D:1      | Became a worshipper of Ignis, the Dying Flame
   160 | D:1      | Reached ****** piety under Ignis
   627 | D:1      | Learned a level 1 spell: Foxfire
   650 | D:1      | Reached XP level 3. HP: 36/36 MP: 2/2
   773 | D:2      | Found a blossoming altar of Fedhas.
   960 | D:2      | Noticed Jessica
   967 | D:2      | Killed Jessica
   968 | D:2      | Reached skill level 1 in Armour
   968 | D:2      | Reached XP level 4. HP: 44/44 MP: 3/3
  1323 | D:3      | Found a broken altar of Ashenzari.
  1653 | D:4      | Noticed a black bear
  1660 | D:4      | Reached XP level 5. HP: 52/52 MP: 0/4
  1706 | D:4      | Reached skill level 1 in Conjurations
  1706 | D:4      | Reached skill level 1 in Fire Magic
  1738 | D:4      | Reached skill level 4 in Unarmed Combat
  1789 | D:4      | Noticed an ogre
  1824 | D:4      | Killed an ogre
  1825 | D:4      | Reached XP level 6. HP: 45/59 MP: 0/6
  1895 | D:4      | Reached skill level 1 in Spellcasting
  1974 | D:4      | Found a stormy altar of Qazlal.
  2677 | D:5      | Entered Level 5 of the Dungeon
  3058 | D:5      | Reached XP level 7. HP: 66/66 MP: 4/8
  3407 | D:5      | Found a runed translucent door.
  3408 | D:5      | Noticed crabbyslav's ghost (novice HOMo)
  3432 | D:5      | Found a runed translucent door.
  3524 | D:5      | Found a basalt altar of Yredelemnul.
  3911 | D:6      | Found Faawkukh's CLEARANCE SALE!.
  3918 | D:6      | Bought a scroll of teleportation for 18 gold pieces
  4069 | D:6      | Reached XP level 8. HP: 75/75 MP: 6/10
  4422 | D:6      | Found a sacrificial altar of Ru.
  4656 | D:6      | Found an opulent altar of Gozag.
  4982 | D:6      | Found a staircase to the Ecumenical Temple.
  5099 | D:6      | Gained mutation: You are dopey. (Int -2) [potion of
                  | mutation]
  5099 | D:6      | Gained mutation: You tend to lose your temper in combat.
                  | [potion of mutation]
  5099 | D:6      | Gained mutation: You expend magic power (3 MP) to
                  | strengthen your wands. [potion of mutation]
  5584 | D:5      | Killed crabbyslav's ghost
  5585 | D:5      | Reached skill level 5 in Unarmed Combat
  5867 | D:7      | Reached XP level 9. HP: 78/81 MP: 12/12
  6093 | D:7      | Noticed Duvessa
  6109 | D:7      | Killed Duvessa
  6110 | D:7      | Reached skill level 6 in Unarmed Combat
  6172 | D:7      | Noticed Dowan
  6196 | D:7      | Cast into level 1 of the Abyss (Dowan)
  6267 | Abyss:1  | Noticed an ancient zyme
  6306 | D:7      | Escaped the Abyss
  6578 | D:7      | Killed from afar by Dowan

Illustrated notes

Levels and vault maps discovered:
D:1:      roderic_chinese_lattice_arrival, layout_loops_cross,
          basic_ecumenical_altar
D:2:      layout_rooms, basic_altar, minmay_domino_4, uniq_jessica
D:3:      layout_basic, lemuel_round_altar
D:4:      layout_rooms, mainiacjoe_overflow_boulevard, serial_curves,
          eino_curves_02, eino_curves_04, bh_walls_and_bars
D:5:      layout_loops_ring, yredelemnul_forgotten_temple_becter,
          ebering_ghost_sewer_f, minmay_fire_ice_demons
D:6:      layout_loops_ring, nicolae_ru_great_annihilating_truth,
          nicolae_gozag_cash_rules_everything_around_me,
          minmay_temple_entry_junction, nicolae_shop_clearance
D:7:      layout_gridville, uniq_duvessa

Skill      XL: |  1  2  3  4  5  6  7  8  9 |
---------------+----------------------------+-----
Armour         | 1 2 3 4 |  4.0
Dodging        | 3 |  3.7
Conjurations   | 1 2 3 4 |  4.0
Fire Magic     | 1 2 3 4 |  4.0
Unarmed Combat | 4 5 6 |  6.1
Spellcasting   | 1 2 3 |  3.4
Fighting       | 3 |  3.3
Stealth        | |  1.8
Evocations     | |  0.5

Action                   |  1- 3 |  4- 6 |  7- 9 || total
-------------------------+-------+-------+-------++-------
Melee: Unarmed           |    80 |    97 |   167 ||   344
       Punch             |     1 |     2 |     2 ||     5
 Cast: Foxfire           |       |    51 |   118 ||   169
Evoke: Wand              |       |       |     2 ||     2
  Use: Potion            |       |       |    12 ||    12
       Scroll            |       |       |     8 ||     8
 Stab: Sleeping          |     2 |       |       ||     2
Armor: Robe              |    29 |    28 |    34 ||    91
Dodge: Dodged            |    37 |    41 |    66 ||   144

Table legend: (Time is in decaauts)
 A = Elapsed time spent in this place.
 B = Non-inter-level travel time spent in this place.
 C = Inter-level travel time spent in this place.
 D = Time resting spent in this place.
 E = Time spent auto-exploring this place.
 F = Levels seen in this place.
 G = Mean time per level.
                   A        B        C        D        E       F      G
               +--------+--------+--------+--------+--------+-----+--------+
         Total |   6579 |   5928 |    651 |      0 |   4683 |   8 |  822.4 |
       Dungeon |   6470 |   5819 |    651 |      0 |   4616 |   7 |  924.3 |
         Abyss |    109 |    109 |      0 |      0 |     67 |   1 |  109.0 |
               +--------+--------+--------+--------+--------+-----+--------+

Top non-repeatable levels by time:
     D:6: 1620 daAuts
     D:5: 1413 daAuts
     D:4: 1040 daAuts
     D:1: 727 daAuts
     D:3: 708 daAuts
     D:7: 502 daAuts
     D:2: 457 daAuts
 Abyss:1: 109 daAuts
